AoeStats
← g.jiminy

Pilgrims

509446974Analyzed
4v4 RM · 5d ago on Sep 26, 2026· 24m 0s· 8 players
Game mode
Random Map
Map size
Large (8 player)
Population
200
Speed
Normal
Resources
Standard
Victory
Conquest
Starting age
Dark Age
Ending age
Imperial Age
RankedLock teamsTeams togetherTeam positionsShared explorationLock speedFull tech treeHidden civsTurbo modeCheats
Victory
Defeat
🇫🇷 Teutons · France
1388
+7
🇫🇷 Bulgarians · France
1302
+10
🇫🇷 Mongols · France
1065
+19
🇫🇷 Persians · France
1027
+22
🇬🇧 Italians · United Kingdom
1213
-17
🇨🇦 Khmer · Canada
1164
-15
🇹🇼 Danes · Taiwan
1128
-13
🇻🇺 Vikings · Vanuatu
1115
-13
suso9871
4:31 Loom
14:15 Feudal Age
15:05 Fishing Lines
15:30 Double-Bit Axe
16:25 Town Watch
16:36 Gold Mining
19:27 Castle Age
22:04 Gold Shaft Mining
21:19 Stone Mining
21:18 Horse Collar
22:42 Bow Saw
22:35 Heavy Plow
Flynxis
10:12 Loom
11:58 Feudal Age
14:05 Wheelbarrow
19:38 Castle Age
18:29 Gold Mining
18:57 Fletching
19:08 Padded Archer Armor
21:08 Crossbowman
23:29 Light Cavalry
24:21 Bloodlines
g.jiminy
12:10 Feudal Age
10:46 Loom
16:46 Castle Age
15:56 Horse Collar
16:39 Double-Bit Axe
20:58 Pikeman
21:38 Squires
21:24 Arson
eward17
Chacal90z
9:20 Loom
11:34 Feudal Age
12:42 Double-Bit Axe
17:07 Fletching
19:27 Castle Age
17:37 Fishing Lines
20:42 Medium Warships
20:29 Bodkin Arrow
20:39 Gold Mining
22:43 Wheelbarrow
23:47 Ballistics
24:21 Hand Cart
SaVaGe
6:36 Loom
10:32 Feudal Age
11:12 Double-Bit Axe
12:50 Fishing Lines
18:31 Castle Age
16:51 Horse Collar
19:21 Scale Barding Armor
19:27 Forging
19:11 Gold Mining
19:34 Bow Saw
20:31 Bloodlines
20:21 Husbandry
20:46 Husbandry
20:56 Gillnets
PurpleGirafe
7:46 Loom
7:51 Loom
10:37 Feudal Age
12:21 Wheelbarrow
15:27 Castle Age
21:30 Horse Collar
24:04 Redemption
24:34 Hand Cart
JBossBien
5:18 Loom
12:12 Feudal Age
15:31 Wheelbarrow
18:27 Castle Age
16:56 Double-Bit Axe
18:11 Gold Mining
19:44 Crossbowman
20:15 Fletching
22:17 Horse Collar
24:13 Bow Saw
Connection lost

Rejoining the realm…

Still unreachable

The connection could not be restored.

Session expired

The server has moved on; the page needs a fresh start.